 Dungeon Crawl Stone Soup version 0.23.1-37-gaa34b87 (webtiles) character file.

Game seed: 4086764876541955637

7995 Fang the Fighter (level 11, -5/108 HPs)
             Began as a Gargoyle Berserker on Mar 27, 2019.
             Was an Elder of Trog.
             Slain by a seven-headed hydra (8 damage)
             ... on level 10 of the Dungeon.
             The game lasted 00:09:34 (8733 turns).

Fang the Fighter (Gargoyle Berserker)               Turns: 8733, Time: 00:09:35

Health: -5/108     AC:  8    Str: 30    XL:     11   Next: 24%
Magic:  11/11      EV: 15    Int:  7    God:    Trog [****..]
Gold:   482        SH:  0    Dex:  9    Spells: 10/10 levels left

rFire    + . .     SeeInvis +   s - +2 hand axe (chop)
rCold    . . .     Gourm    .   (no shield)
rNeg     + . .     Faith    .   (no armour)
rPois    ∞         Spirit   .   (no helmet)
rElec    +         Reflect  .   (no cloak)
rCorr    .         Harm     .   (no gloves)
MR       .....                  (no boots)
Stlth    ..........             h - amulet of magic regeneration
HPRegen  0.28/turn              x - ring of see invisible
MPRegen  0.37/turn              g - ring of protection from fire

@: berserking, starving, very quick
A: negative energy resistance 1, electricity resistance, unbreathing,
petrification resistance, rot immunity, AC +8
a: Berserk, Trog's Hand, Brothers in Arms, Renounce Religion


You were on level 10 of the Dungeon.
You worshipped Trog.
Trog was greatly pleased with you.
You were starving.

You visited 2 branches of the dungeon, and saw 11 of its levels.

You collected 482 gold pieces.

Inventory:

Hand Weapons
 b - a +2 war axe
 s - a +2 hand axe of chopping (weapon)
Armour
 y - a +2 plate armour
 z - the +0 leather armour of Jigsaw {+Fly, unknown}
   (You found it on level 10 of the Dungeon)

   It lets you fly.
Jewellery
 g - a ring of protection from fire (right hand)
 h - an amulet of magic regeneration (around neck)
 p - an uncursed ring of stealth
 q - an uncursed ring of protection from magic
 v - an uncursed amulet of rage
 x - a ring of see invisible (left hand)
Wands
 a - a wand of random effects (9)
Scrolls
 d - 4 scrolls of identify
 f - 4 scrolls of teleportation
 l - a scroll of fog
 m - a scroll of enchant weapon
 n - 5 scrolls of remove curse
 t - a scroll of magic mapping
Potions
 e - a potion of might
 j - a potion of berserk rage
 k - 2 potions of curing
 o - 3 potions of invisibility
 r - 2 potions of heal wounds
 u - a potion of lignification
 w - a potion of agility
Comestibles
 c - 19 rations
 i - 2 chunks of flesh


   Skills:
 + Level 10.0 Fighting
 + Level 8.3 Axes
 + Level 9.6 Armour
 + Level 7.3 Dodging


You had 10 spell levels left.
You didn't know any spells.
Your spell library was empty.

Dungeon Overview and Level Annotations

Branches:
Dungeon (10/15)            Temple (1/1) D:5
   Lair: D:8-11         Orc: D:9-12

Altars:
Dithmenos
Fedhas
Gozag
Makhleb
Nemelex Xobeh
Ru
Uskayaw
Xom
Yredelemnul
The Shining One


Innate Abilities, Weirdness & Mutations

You are resistant to torment.
Your stone body is resilient. (AC +8)
You are immune to poison.
You resist negative energy. (rN+)
You are resistant to electric shocks. (rElec)
You can survive without breathing.
You are immune to petrification.
You are immune to rotting.


Message History

You are starving!
The five-headed hydra bites you but does no damage.
The five-headed hydra closely misses you.
The five-headed hydra bites you but does no damage.
The five-headed hydra closely misses you.
The five-headed hydra bites you!
* * * LOW HITPOINT WARNING * * *
You hack one of the five-headed hydra's heads off!
The four-headed hydra grows two more!
You slash the six-headed hydra!
The six-headed hydra is almost dead.
You lop one of the six-headed hydra's heads off!
The five-headed hydra grows two more!
You slice the seven-headed hydra!!
The seven-headed hydra is almost dead.
The seven-headed hydra bites you!
* * * LOW HITPOINT WARNING * * *
The seven-headed hydra closely misses you.
The seven-headed hydra bites you.
* * * LOW HITPOINT WARNING * * *
The seven-headed hydra bites you!
You die...

..###..#....#####.#.
.8#/#8.#...<.......<
##+##)##+##...#####...
#8..#)#...+.### ####
#...+(#..8### ###'##)##'### +##
#.#.8#)#8÷#.### # ..##
#.#..###..#...# ## ...##
##.##.D@..####.########. ....##
##.######### #......##..
..>..####...##.########...##.#...
.....ZZ........÷.............'...
.....####.=.##.#######....##.#...
....## ##.###.# #...###.##..
...## ### #.# #...# #.###. ..##
#####.##### ##..###.# ## +##
##.........# #......# #


You could see a seven-headed hydra.

Vanquished Creatures
  2 two-headed ogres
  An unseen horror (D:10)
  2 trolls (D:10)
  Grinder (D:3)
  2 hippogriffs
  Sigmund (D:4)
  A wyvern (D:10)
  A spriggan (D:9)
  13 yaks
  A hungry ghost (D:7)
  Menkaure (D:6)
  2 water moccasins
  The ghost of Gadfly the Sneak, an amateur SpEn (D:4)
  An orc warrior (D:10)
  An ice beast (D:8)
  A sky beast (D:5)
  A phantom (D:5)
  3 ogres
  3 bullfrogs
  4 scorpions
  A killer bee (D:7)
  3 wights (D:10)
  3 crimson imps
  2 centaur zombies
  A lava snake (D:10)
  2 quasits
  A bullfrog skeleton (D:10)
  2 hounds
  2 jellies
  A gnoll shaman (D:4)
  An orc priest (D:6)
  A centaur skeleton (D:9)
  3 iguanas
  3 orc wizards
  3 worker ants
  A killer bee zombie (D:7)
  2 hound zombies
  2 hound skeletons
  A howler monkey zombie (D:8)
  A worker ant zombie (D:9)
  5 gnolls (D:4)
  2 howler monkey skeletons
  16 adders
  4 shadow imps
  3 adder skeletons
  3 worms
  3 dart slugs
  9 leopard geckos
  19 orcs
  A giant cockroach (D:4)
  15 goblins
  6 hobgoblins
  3 jackals (D:5)
  4 kobolds
  3 quokkas
  2 ball pythons
  3 bats
  6 frilled lizards
  A jackal skeleton (D:7)
  2 leopard gecko zombies (D:7)
  A quokka skeleton (D:4)
  A quokka zombie (D:9)
  6 rats
197 creatures vanquished.

Vanquished Creatures (collateral kills)
  A bullfrog skeleton (D:10)
1 creature vanquished.

Grand Total: 198 creatures vanquished

Notes
Turn   | Place    | Note
-------+----------+-------------------------------------------
     0 | D:1      | Fang the Gargoyle Berserker began the quest for the Orb.
     0 | D:1      | Reached XP level 1. HP: 14/14 MP: 1/1
    76 | D:1      | Reached XP level 2. HP: 15/19 MP: 2/2
   711 | D:2      | Reached XP level 3. HP: 22/24 MP: 3/3
   897 | D:2      | Reached XP level 4. HP: 16/29 MP: 4/4
   940 | D:2      | Found a glowing golden altar of the Shining One.
  1252 | D:3      | Reached ** piety under Trog
  1368 | D:3      | Noticed Grinder
  1379 | D:3      | Killed Grinder
  1379 | D:3      | Reached skill level 4 in Fighting
  1379 | D:3      | Reached XP level 5. HP: 23/34 MP: 5/5
  1379 | D:3      | Reached XP level 6. HP: 26/39 MP: 6/6
  2100 | D:4      | Found a runed translucent door.
  2182 | D:4      | Reached skill level 5 in Fighting
  2188 | D:4      | Reached XP level 7. HP: 35/44 MP: 7/7
  2477 | D:4      | Noticed Sigmund
  2507 | D:4      | Killed Sigmund
  2679 | D:4      | Reached *** piety under Trog
  2941 | D:4      | Noticed Gadfly's ghost (amateur SpEn)
  3052 | D:4      | Killed Gadfly's ghost
  3052 | D:4      | Reached skill level 5 in Armour
  3101 | D:5      | Entered Level 5 of the Dungeon
  3240 | D:5      | Reached XP level 8. HP: 51/51 MP: 8/8
  3271 | D:5      | Reached skill level 6 in Fighting
  3279 | D:5      | Found a staircase to the Ecumenical Temple.
  3290 | Temple   | Entered the Ecumenical Temple
  3331 | D:5      | Found an opulent altar of Gozag.
  3356 | D:5      | Reached skill level 5 in Axes
  3795 | D:6      | Noticed Menkaure
  3805 | D:6      | Killed Menkaure
  4035 | D:6      | Found a sparkling altar of Nemelex Xobeh.
  4449 | D:7      | Identified a scroll of acquirement
  4481 | D:7      | Found a burning altar of Makhleb.
  4580 | D:7      | Reached XP level 9. HP: 55/56 MP: 9/9
  4657 | D:7      | Reached skill level 7 in Fighting
  4698 | D:7      | Reached skill level 5 in Dodging
  5523 | D:7      | Paralysed by fainting for 7 turns
  5766 | D:8      | Reached **** piety under Trog
  5974 | D:8      | Found a hide-covered altar of Uskayaw.
  5974 | D:8      | Found a shimmering altar of Xom.
  6298 | D:9      | Reached skill level 8 in Fighting
  6322 | D:9      | Reached XP level 10. HP: 44/64 MP: 10/10
  6739 | D:9      | Noticed a two-headed ogre
  6754 | D:9      | Killed a two-headed ogre
  7415 | D:10     | Entered Level 10 of the Dungeon
  7536 | D:10     | Reached skill level 9 in Fighting
  7743 | D:10     | Noticed a two-headed ogre
  7764 | D:10     | Killed a two-headed ogre
  7764 | D:10     | Reached XP level 11. HP: 30/71 MP: 11/11
  8337 | D:10     | Noticed an unseen horror
  8340 | D:10     | Got a dazzling leather armour
  8588 | D:10     | Noticed a four-headed hydra
  8590 | D:10     | Killed an unseen horror
  8590 | D:10     | Reached skill level 10 in Fighting
  8733 | D:10     | HP: 5/108 [seven-headed hydra (9)]
  8733 | D:10     | Slain by a seven-headed hydra

Skill      XL: |  1  2  3  4  5  6  7  8  9 10 11 |
---------------+----------------------------------+-----
Axes           | 3 4 5 6 8 |  8.3
Dodging        | 2 3 4 5 7 |  7.3
Armour         | 3 4 5 6 7 9 |  9.6
Fighting       | 4 5 6 8 9 10 | 10.0

Action                   |  1- 3 |  4- 6 |  7- 9 | 10-12 || total
-------------------------+-------+-------+-------+-------++-------
Melee: Hand axe          |    97 |   134 |   445 |   257 ||   933
Invok: Berserk           |       |     1 |     6 |     5 ||    12
       Brothers in Arms  |       |       |       |     1 ||     1
  Use: Scroll            |       |       |    16 |     8 ||    24
 Stab: Sleeping          |       |     1 |       |       ||     1
  Eat: Chunk             |       |     5 |    19 |    12 ||    36
       Ration            |       |       |     1 |       ||     1
Armor: Animal skin       |    38 |    16 |       |       ||    54
       Chain mail        |       |    53 |   302 |     7 ||   362
       Plate armour      |       |       |       |   105 ||   105
       Skin              |       |       |       |    14 ||    14
Dodge: Dodged            |    76 |    79 |   228 |   133 ||   516
